Map: Emerald City LE

Players

Massa - Winner!

  • Race: Terran Terran
  • League: Platinum
  • Spawn Location: 11:00

qqq - Winner!

  • Race: Zerg Zerg
  • League: Platinum
  • Spawn Location: 11:00

sweKIRA

  • Race: Protoss Protoss
  • Spawn Location: 5:00

iado

  • Race: Protoss Protoss
  • League: Diamond
  • Spawn Location: 5:00

VOD

Have the link to the VOD?

Description

Time

  • Played on: Nov. 21, 2020, 7:58 a.m.
  • Length: 5:29
Show
View Real Time Build Order
Export as new Build Order

Massa Terran - Winner!

Build Orders: Gas First Reaper Expand 

Get SALT Encoding   

  12  0:00  SCV  
  13  0:12  SCV  
  14  0:23  Supply Depot  
  14  0:24  SCV  
  15  0:31  Refinery  
  15  0:45  SCV  
  15  0:46  Barracks  
  16  0:57  SCV  
  17  1:09  SCV  
  18  1:21  SCV  
  19  1:33  Reaper  
  19  1:39  Command Center  
  20  1:46  Orbital Command  
  20  2:05  Marine  
  21  2:10  Factory  
  21  2:15  SCV  
  22  2:27  SCV  
  23  2:30  Supply Depot  
  23  2:33  Barracks Reactor  
  23  3:08  Orbital Command  
  23  3:16  SCV  
  23  3:17  Barracks Tech Lab  
  24  3:21  Supply Depot  
  24  3:24  Command Center  
  24  3:28  SCV  
  25  3:35  Barracks  
  25  3:36  SCV  
  25  3:40  SCV  
  25  3:41  Barracks  
  27  3:44  Starport  
  27  3:45  Engineering Bay  
  27  3:48  SCV  
  27  3:51  Hellion  
  27  3:54  Hellion  
  32  4:14  Hellion  
  32  4:15  Hellion  
  36  4:21  Marauder  
  36  4:23  SCV x2  
  40  4:30  Missile Turret  
  40  4:35  SCV x2, Hellion  
  40  4:37  Hellion  
  46  4:57  Hellion  
  46  4:58  Hellion  
Show
View Real Time Build Order
Export as new Build Order

qqq Zerg - Winner!

Build Orders: Hatch First 

Get SALT Encoding   

  12  0:00  Drone  
  13  0:08  Drone  
  14  0:28  Overlord  
  14  0:44  Hatchery  
  13  0:50  Drone  
  13  0:51  Drone  
  13  0:56  Drone  
  16  1:07  Drone  
  17  1:18  Spawning Pool  
  16  1:34  Drone x3  
  16  1:37  Extractor  
  18  1:50  Drone  
  19  1:56  Drone  
  20  2:02  Drone  
  20  2:07  Queen  
  23  2:13  Drone  
  23  2:14  Queen  
  26  2:17  Overlord  
  26  2:19  Drone  
  26  2:21  Zergling x2  
  28  2:35  Overlord  
  28  2:36  Zergling x2  
  28  2:45  Zergling x2  
  28  2:46  Zergling x2  
  28  2:49  Metabolic Boost  
  28  2:51  Zergling x2  
  31  2:54  Zergling x2  
  32  3:03  Zergling x2  
  32  3:04  Zergling x2  
  34  3:14  Zergling x2  
  34  3:16  Zergling x2  
  34  3:19  Zergling x2  
  37  3:20  Zergling x2, Overlord  
  37  3:24  Zergling x6  
  37  3:25  Zergling x2  
  42  3:31  Zergling x2  
  43  3:40  Zergling x2  
  43  3:41  Zergling x2  
  45  3:51  Zergling x2  
  45  3:53  Zergling x2  
  47  3:56  Drone  
  47  4:00  Drone, Hatchery  
  48  4:12  Zergling x6  
  48  4:13  Zergling x2  
  52  4:20  Drone  
  51  4:30  Zergling x2  
  51  4:31  Overlord x2  
  50  4:51  Zergling x6  
  48  4:54  Zergling x4  
  48  4:55  Zergling x6  
  52  5:10  Zergling x2  
  52  5:11  Zergling x2  
Show
View Real Time Build Order
Export as new Build Order

sweKIRA Protoss 

Build Orders:  

Get SALT Encoding   

  12  0:00  Probe  
  13  0:15  Probe  
  14  0:27  Pylon  
  14  0:30  Probe  
  15  0:45  Probe  
  15  0:46  Gateway  
  16  0:55  Assimilator  
  16  0:57  Probe (Chrono Boost)  
  17  1:09  Probe (Chrono Boost)  
  18  1:24  Probe  
  19  1:28  Pylon  
  19  1:34  Cybernetics Core  
  19  1:37  Probe  
  20  1:46  Nexus  
  20  1:52  Probe  
  21  1:57  Assimilator  
  21  2:10  Stalker (Chrono Boost)  
  21  2:12  Warp Gate (Chrono Boost)  
  22  2:19  Probe  
  23  2:31  Probe  
  24  2:43  Probe  
  25  2:55  Probe  
  26  3:02  Probe  
  27  3:07  Probe  
  27  3:11  Twilight Council  
  28  3:14  Probe  
  28  3:16  Robotics Facility  
  28  3:19  Probe  
  30  3:26  Probe, Pylon  
  31  3:31  Probe  
  32  3:38  Probe  
  33  3:43  Probe  
  34  3:50  Probe  
  35  3:55  Probe  
  36  4:03  Probe, Gateway  
  36  4:05  Gateway  
  36  4:06  Gateway  
  37  4:16  Gateway  
  37  4:19  Pylon  
  35  4:31  Zealot  
  23  4:54  Zealot  
  23  4:58  Zealot  
  27  5:00  Zealot  
  27  5:01  Zealot  
  31  5:12  Zealot  
  27  5:18  Zealot  
  27  5:19  Zealot  
Show
View Real Time Build Order
Export as new Build Order

iado Protoss 

Build Orders: 1 Gate Expand 

Get SALT Encoding   

  12  0:00  Probe  
  13  0:12  Probe  
  14  0:19  Pylon  
  14  0:24  Probe  
  15  0:37  Probe (Chrono Boost)  
  16  0:44  Gateway  
  16  0:46  Probe (Chrono Boost)  
  17  0:50  Assimilator  
  17  0:51  Probe (Chrono Boost)  
  18  1:03  Probe  
  19  1:15  Probe  
  20  1:27  Nexus  
  20  1:34  Zealot  
  22  1:45  Pylon  
  22  1:52  Assimilator  
  22  2:02  Cybernetics Core  
  23  2:22  Probe (Chrono Boost)  
  23  2:34  Probe (Chrono Boost)  
  24  2:38  Probe (Chrono Boost), Warp Gate  
  24  2:43  Twilight Council  
  25  2:54  Probe (Chrono Boost)  
  25  2:55  Probe (Chrono Boost)  
  27  3:04  Probe (Chrono Boost)  
  27  3:05  Probe (Chrono Boost)  
  29  3:09  Probe x2 (Chrono Boost)  
  31  3:15  Pylon  
  31  3:21  Gateway  
  31  3:23  Gateway  
  31  3:29  Probe (Chrono Boost)  
  33  3:34  Probe (Chrono Boost)  
  33  3:39  Probe (Chrono Boost)  
  33  3:40  Forge  
  34  3:43  Probe (Chrono Boost)  
  34  3:44  Probe (Chrono Boost), Pylon  
  36  3:53  Probe  
  37  4:07  Gateway  
  37  4:12  Photon Cannon  
  37  4:14  Probe x2  
  38  4:26  Probe x2  
  31  4:35  Zealot x2  
Tags
 
Add a new tag
Caveats
  • Supply blocks, unpowered buildings, or Contaminate may cause inaccurate times.
  • Supply counts are checked every 10 seconds.